 Dungeon Crawl Stone Soup version 0.28-a0-1117-g0bdd5ba030 (webtiles) character file.

Game seed: 8657092639209267212

10952 Armakuni the Thaumaturge (level 11, -5/61 HPs)
             Began as an Octopode Conjurer on Dec 11, 2021.
             Slain by a seven-headed hydra (6 damage)
             ... on level 12 of the Dungeon.
             The game lasted 00:38:54 (12598 turns).

Armakuni the Thaumaturge (Octopode Conjurer)       Turns: 12598, Time: 00:38:54

Health: -5/61      AC: 10    Str:  8    XL:     11   Next: 70%
Magic:  13/35      EV: 13    Int: 24    God:
Gold:   217        SH:  6    Dex: 10    Spells: 18/33 levels left

rFire   . . .      SeeInvis .   a - staff of air
rCold   + . .      Faith    .   f - +2 buckler
rNeg    . . .      Spirit   .   C - +2 hat {Will+}
rPois   .          Reflect  .   R - amulet of regeneration
rElec   +          Harm     .   P - ring of magical power
rCorr   .          Rampage  .   J - ring of protection from cold
Will    +....                   A - +7 ring of protection
Stlth   +++.......              (no ring)
HPRegen 1.00/turn               (no ring)
MPRegen 0.24/turn               (no ring)
                                (no ring)
                                (no ring)

@: no status effects
A: almost no armour, amphibious, 8 rings, camouflage 1, gelatinous body 1,
(nimble swimmer 1), tentacles
a: no special abilities


You were on level 12 of the Dungeon.
You visited 2 branches of the dungeon, and saw 13 of its levels.
You also visited: Bailey.

You collected 1252 gold pieces.
You spent 1035 gold pieces at shops.

Inventory:

Hand Weapons
 z - a +4 whip of protection
 E - a +4 demon trident of flaming
Missiles
 v - 6 curare-tipped darts
Armour
 f - a +2 buckler (worn)
 C - a +2 hat of willpower (worn)
Magical Staves
 a - a staff of air (weapon)
 b - a staff of poison
Jewellery
 A - a +7 ring of protection (on tentacle)
 J - a ring of protection from cold (right tentacle)
 P - a ring of magical power (left tentacle)
 R - an amulet of regeneration (around mantle)
Wands
 j - a wand of iceblast (1)
 o - a wand of flame (7)
 p - a wand of paralysis (11)
 q - a wand of polymorph (10)
 u - a wand of digging (9)
 x - a wand of acid (8)
 y - a wand of mindburst (17)
Scrolls
 e - 2 scrolls of fog
 m - a scroll of identify
 s - 5 scrolls of teleportation
 B - a scroll of noise
Potions
 c - 3 potions of heal wounds
 d - a potion of ambrosia
 g - a potion of attraction
 h - 5 potions of flight
 i - 2 potions of might
 k - 2 potions of invisibility
 l - 2 potions of haste
 n - 2 potions of lignification
 r - a potion of mutation
 t - 3 potions of curing
 w - 3 potions of brilliance {unknown}
 D - a potion of resistance {unknown}


   Skills:
 - Level 2.0 Dodging
 - Level 2.6 Stealth
 - Level 4.0 Shields
 + Level 11.5 Spellcasting
 + Level 11.3 Conjurations
 - Level 4.0 Hexes
 - Level 4.0 Translocations
 - Level 4.0 Evocations


You had 18 spell levels left.
You knew the following spells:

 Your Spells              Type           Power      Damage    Failure   Level
a - Magic Dart            Conj           100%       1d8       1%          1
b - Apportation           Tloc           66%        N/A       1%          1
h - Spider Form           Tmut/Pois      13%        N/A       14%         3
m - Iskenderun's Mystic   Conj/Tloc      50%        2d11      1%          4
p - Fulminant Prism       Conj/Hex       25%        3d14      1%          4
z - Searing Ray           Conj           100%       2d8       1%          2

Your spell library contained the following spells:

 Spells                   Type           Power      Damage    Failure   Level
 Dazzling Flash           Conj/Hex       100%       N/A       1%          3
 Gell's Gravitas          Tloc           33%        N/A       2%          3
 Lesser Beckoning         Tloc           33%        N/A       2%          3
 Portal Projectile        Hex/Tloc       66%        N/A       2%          3
 Teleport Other           Tloc           33%        N/A       2%          3
 Tukima's Dance           Hex            33%        N/A       2%          3
 Ensorcelled Hibernation  Hex/Ice        46%        N/A       3%          2
 Animate Skeleton         Necr           26%        N/A       4%          1
 Pain                     Necr           52%        1d6       4%          1
 Summon Small Mammal      Summ           52%        N/A       4%          1
 Sublimation of Blood     Necr           13%        N/A       7%          2
 Wereblood                Tmut           13%        N/A       7%          2
 Call Canine Familiar     Summ           13%        N/A       14%         3
 Vampiric Draining        Necr           13%        2d6       14%         3
 Leda's Liquefaction      Hex/Erth       11%        N/A       21%         4
 Summon Hydra             Summ           6%         N/A       100%        7


Dungeon Overview and Level Annotations

Branches:
Dungeon (12/15)            Temple (1/1) D:7            Lair (0/6) D:11
    Orc (0/2) D:10         Bailey (visited)

Altars:
Ashenzari
Cheibriados
Dithmenos
Elyvilon
Fedhas
Gozag
Hepliaklqana
Kikubaaqudgha
Makhleb
Nemelex Xobeh
Okawaru
Qazlal
Ru
Sif Muna
Trog
Uskayaw
Vehumet
Wu Jian
Xom
Yredelemnul
Zin
The Shining One
Beogh

Shops:
D:2 =   D:3 =   D:7 (!


Innate Abilities, Weirdness & Mutations

You cannot wear most types of armour.
You are amphibious.
You can wear up to eight rings at the same time.
Your skin changes colour to match your surroundings (Stealth+).
Your rubbery body absorbs attacks. (AC +1, EV +1)
((You are camouflaged near water. (Stealth+)))
You have tentacles for arms and can constrict up to eight enemies at once.


Message History

The blast of energy engulfs the seven-headed hydra!!
The seven-headed hydra is heavily wounded.
Casting: Fulminant Prism (dangerous; 1% risk of failure)
Confirm with . or Enter, or press ? or * to list all spells.
You erupt in a blast of force!
The mystic blast hits the seven-headed hydra!
The seven-headed hydra is severely wounded.
You block the seven-headed hydra's attack.
The seven-headed hydra bites you!
The seven-headed hydra completely misses you.
You block the seven-headed hydra's attack.
The seven-headed hydra bites you. x3
Casting: Iskenderun's Mystic Blast (dangerous; 1% risk of failure)
Confirm with . or Enter, or press ? or * to list all spells.
You erupt in a blast of force!
The mystic blast hits the seven-headed hydra.
The seven-headed hydra is severely wounded.
The seven-headed hydra bites you.
The seven-headed hydra barely misses you.
The seven-headed hydra misses you.
The seven-headed hydra closely misses you.
The seven-headed hydra bites you!
* * * LOW HITPOINT WARNING * * *
The seven-headed hydra barely misses you.
The seven-headed hydra bites you but does no damage.
Casting: Iskenderun's Mystic Blast (dangerous; 1% risk of failure)
Confirm with . or Enter, or press ? or * to list all spells.
You erupt in a blast of force!
The mystic blast hits the seven-headed hydra!
The seven-headed hydra is almost dead.
You block the seven-headed hydra's attack.
The seven-headed hydra bites you but does no damage. x2
The seven-headed hydra bites you.
* * * LOW HITPOINT WARNING * * *
The seven-headed hydra bites you!
* * * LOW HITPOINT WARNING * * *
The seven-headed hydra bites you.
* * * LOW HITPOINT WARNING * * *
The seven-headed hydra bites you.
You die...

###...# #.#...# #
+.#...#.# #.....
#.#...'.# #.....
#.#...#.# #....
#.#...# #
#....######.'...#
#....#.....D#...#
#..#.#....@.#...#
#....#......#...#
#.<..#...##.#...#
#....#...##.#...#
#.##.#...##.#...#
#....#...##.#...#
#....#..?##.#
#....#...##.#
#....'...##.#


You could see a seven-headed hydra.

Vanquished Creatures
  A hydra (D:8)
  2 two-headed ogres (D:9)
  Pikel (D:5)
  2 orc knights (Bailey)
  An elephant (D:10)
  A centaur zombie (D:10)
  A kobold demonologist (D:11)
  An unseen horror (D:10)
  A komodo dragon (D:11)
  A hornet (D:11)
  Sigmund (D:2)
  A shadow (D:11)
  A wyvern (D:9)
  2 wraiths (D:11)
  7 yaks
  2 acid dragons
  A water moccasin (D:3)
  An ice beast (D:7)
  10 orc warriors
  3 black bears
  A sky beast (D:6)
  2 ogres
  2 lemures (D:5)
  7 centaurs
  3 kobold brigands
  3 bullfrogs
  A gnoll sergeant (D:9)
  A water moccasin zombie (D:5)
  A wyvern skeleton (D:7)
  2 water moccasin skeletons
  An electric eel (D:7)
  12 wights
  2 hounds
  3 jellies
  2 bullfrog skeletons
  2 orc priests
  5 iguanas
  6 orc wizards
  A hound skeleton (D:4)
  5 gnolls
  7 adders
  A worm (D:3)
  2 dart slugs
  40 orcs
  4 ball pythons
  2 endoplasms
  4 giant cockroaches
  12 goblins
  13 hobgoblins
  10 jackals
  5 quokkas
  5 bats
  A frilled lizard (D:3)
  37 kobolds
  6 rats
252 creatures vanquished.

Vanquished Creatures (others)
  38 fulminant prisms
  7 plants
45 creatures vanquished.

Grand Total: 297 creatures vanquished

Notes
Turn   | Place    | Note
-------+----------+-------------------------------------------
     0 | D:1      | Armakuni the Octopode Conjurer began the quest for the Orb.
     0 | D:1      | Reached XP level 1. HP: 11/11 MP: 3/3
    84 | D:1      | Found a faded altar of an unknown god.
   231 | D:1      | Reached XP level 2. HP: 17/17 MP: 1/5
   234 | D:1      | Learned a level 2 spell: Searing Ray
   866 | D:1      | Reached XP level 3. HP: 15/21 MP: 0/6
  1116 | D:2      | Found a sacrificial altar of Ru.
  1155 | D:2      | Reached skill level 5 in Conjurations
  1485 | D:2      | Noticed Sigmund
  1545 | D:2      | Killed Sigmund
  1546 | D:2      | Reached XP level 4. HP: 18/27 MP: 7/7
  1546 | D:2      | Reached XP level 5. HP: 21/31 MP: 8/8
  1955 | D:2      | Found Edecepusk's One-of-a-Kind Rings.
  2431 | D:3      | Noticed a water moccasin
  2531 | D:3      | Learned a level 4 spell: Iskenderun's Mystic Blast
  2592 | D:3      | Killed a water moccasin
  2593 | D:3      | Reached XP level 6. HP: 36/36 MP: 4/9
  3011 | D:3      | Found Zausm's Jewellery Shoppe.
  3180 | D:3      | Learned a level 1 spell: Apportation
  3653 | D:4      | You fall into a shaft and drop 1 floor!
  3653 | D:5      | Entered Level 5 of the Dungeon
  3671 | D:5      | Noticed a black bear
  3683 | D:5      | Killed a black bear
  3684 | D:5      | Reached XP level 7. HP: 37/41 MP: 8/10
  3792 | D:5      | Reached skill level 1 in Translocations
  4224 | D:4      | Reached XP level 8. HP: 25/46 MP: 11/11
  4371 | D:4      | Found an iron altar of Okawaru.
  4984 | D:5      | Found a shimmering altar of Xom.
  5033 | D:5      | Found a runed translucent door.
  5055 | D:5      | Noticed Pikel
  5077 | D:5      | Killed Pikel
  5351 | D:5      | Reached skill level 10 in Conjurations
  5351 | D:5      | Reached XP level 9. HP: 24/51 MP: 4/14
  5775 | D:6      | Found a blossoming altar of Fedhas.
  5812 | D:6      | Reached skill level 5 in Spellcasting
  6072 | D:6      | Found a bloodstained altar of Trog.
  6358 | D:7      | Found a staircase to the Ecumenical Temple.
  6395 | Temple   | Entered the Ecumenical Temple
  6635 | Temple   | Learned a level 3 spell: Spider Form
  6810 | D:7      | Reached skill level 1 in Evocations
  7067 | D:7      | Found Hettenoos's Weapon Shoppe.
  7088 | D:7      | Found Fonteega's Distillery.
  7505 | D:8      | Found a flagged portal.
  7519 | Bailey   | Entered a bailey
  7817 | Bailey   | Noticed an orc knight
  7817 | Bailey   | Noticed an orc knight
  7827 | Bailey   | Learned a level 4 spell: Fulminant Prism
  7854 | Bailey   | Killed an orc knight
  7855 | Bailey   | Reached XP level 10. HP: 56/56 MP: 11/20
  7980 | Bailey   | Killed an orc knight
  8225 | D:8      | Found a broken altar of Ashenzari.
  8689 | D:8      | Noticed an eight-headed hydra
  8695 | D:8      | Killed an eight-headed hydra
  8795 | D:8      | Found a sacrificial altar of Ru.
  9482 | D:2      | Bought a +7 ring of protection for 1035 gold pieces
  9946 | D:9      | Noticed a two-headed ogre
  9955 | D:9      | Killed a two-headed ogre
  9956 | D:9      | Reached skill level 10 in Spellcasting
  9956 | D:9      | Reached XP level 11. HP: 61/61 MP: 25/25
 10007 | D:9      | Noticed a two-headed ogre
 10014 | D:9      | Killed a two-headed ogre
 10542 | D:10     | Entered Level 10 of the Dungeon
 10703 | D:10     | Found a staircase to the Orcish Mines.
 10766 | D:10     | Noticed Urug
 10769 | D:10     | Noticed Urug
 10769 | D:10     | Urug changed into Urug the elephant
 10789 | D:10     | Killed Urug the elephant
 10921 | D:10     | Found an ancient bone altar of Kikubaaqudgha.
 11307 | D:10     | Found a hide-covered altar of Uskayaw.
 11420 | D:10     | Identified a scroll of acquirement
 11420 | D:10     | Acquired a +1 hat of willpower
 12321 | D:11     | Found a staircase to the Lair.
 12586 | D:12     | Noticed a seven-headed hydra
 12598 | D:12     | HP: 3/61 [seven-headed hydra (8)]
 12598 | D:12     | HP: 1/61 [seven-headed hydra (2)]
 12598 | D:12     | Slain by a seven-headed hydra

Illustrated notes

Levels and vault maps discovered:
D:1:      minmay_arrival_open_corners, layout_loops_ring,
          hellmonk_ecumenical_altar_dog_temple, chequers_serial_rivers_micro_c,
          chequers_big_river, st_stairs_14, hangedman_abyss_or_decor_lesser_grid
D:2:      minmay_chambers_of_twos, layout_loops_ring, basic_altar,
          nicolae_shop_unique_rings, hex_medium, ebering_dispersal_statue_hall,
          minmay_hexomino_u4, uniq_sigmund
D:3:      layout_basic, serial_shops, shop, minmay_joined_circles
D:4:      layout_basic, old_standard_altar
D:5:      layout_cave_pools, mainiacjoe_overflow_surrounded_room,
          lightli_church_of_beogh, uniq_pikel
D:6:      layout_rooms, kennysheep_mini_moat, fedhas_altar_3, hex_intersection
D:7:      layout_loops_ring, minmay_temple_entry_sparse_star,
          nicolae_wooded_promenade
D:8:      layout_cave_pods, nicolae_ru_sacrificial_ziggurat,
          mainiacjoe_overflow_six_doors_small, enter_bailey_5
D:9:      layout_basic
D:10:     layout_loops_ring, kiku_gazebo_pond_becter,
          lemuel_coloured_pillars_altar, mrwooster_statue_mirror, uniq_urug
D:11:     layout_irregular_city, dpeg_oklobed_lair, dk_noncrumbling_4
D:12:     layout_stronghold
Temple:   dpeg_chambers_temple

Skill      XL: |  1  2  3  4  5  6  7  8  9 10 11 |
---------------+----------------------------------+-----
Conjurations   | 6 7 8 10 11 | 11.3
Shields        | 2 3 4 |  4.0
Translocations | 3 4 |  4.0
Spellcasting   | 3 7 10 11 | 11.5
Evocations     | 4 |  4.0
Hexes          | 3 4 |  4.0
Dodging        | |  2.0
Stealth        | |  2.6

Action                   |  1- 3 |  4- 6 |  7- 9 | 10-12 || total
-------------------------+-------+-------+-------+-------++-------
Melee: Whip              |     4 |    15 |    29 |       ||    48
       Constrict         |     2 |     6 |    10 |     2 ||    20
       Tentacles         |       |     3 |     4 |       ||     7
       Staff             |       |       |       |    15 ||    15
 Cast: Magic Dart        |     8 |       |       |       ||     8
       Searing Ray       |    22 |    25 |    62 |    30 ||   139
       Iskenderun's Myst |       |       |    12 |    32 ||    44
       Fulminant Prism   |       |       |     4 |    34 ||    38
       Spider Form       |       |       |     1 |       ||     1
Evoke: Wand              |     3 |     2 |    33 |    23 ||    61
  Use: Scroll            |       |     3 |    12 |     8 ||    23
 Stab: Sleeping          |       |     1 |       |       ||     1
Armor: Skin              |     2 |     6 |     6 |    37 ||    51
Dodge: Dodged            |    17 |    18 |    51 |    59 ||   145
Block: Buckler           |       |     7 |    17 |    24 ||    48

Table legend: (Time is in decaauts)
 A = Elapsed time spent in this place.
 B = Non-inter-level travel time spent in this place.
 C = Inter-level travel time spent in this place.
 D = Time resting spent in this place.
 E = Time spent auto-exploring this place.
 F = Levels seen in this place.
 G = Mean time per level.
                   A        B        C        D        E       F      G
               +--------+--------+--------+--------+--------+-----+--------+
         Total |  12615 |  12064 |    551 |   2194 |   7342 |  14 |  901.1 |
       Dungeon |  11689 |  11154 |    535 |   1912 |   7027 |  12 |  974.1 |
        Temple |    244 |    228 |     16 |      0 |    199 |   1 |  244.0 |
        Bailey |    681 |    681 |      0 |    282 |    116 |   1 |  681.0 |
               +--------+--------+--------+--------+--------+-----+--------+

Top non-repeatable levels by time:
     D:3: 1314 daAuts
     D:5: 1299 daAuts
     D:8: 1249 daAuts
     D:2: 1202 daAuts
     D:1: 1109 daAuts
    D:11: 1068 daAuts
     D:4: 1061 daAuts
     D:7: 1009 daAuts
    D:10: 957 daAuts
     D:9: 907 daAuts
  Bailey: 681 daAuts
     D:6: 467 daAuts
  Temple: 244 daAuts
    D:12: 40 daAuts
